Cogmind - Beta 10.2 @@@ ROGUE MODE // 2021.04.14 @ 00:14:39 Player: Dendrocnid Result: Destroyed by L-61 Swordsman with Power Sword Performance ------------- Evolutions (7) 3500 Regions Visited (16) 3200 Robots Destroyed (50) 250 Value Destroyed (2230) 2230 Prototype IDs (37) 740 Alien Tech Used (0) 0 Bonus (1775) 1775 TOTAL SCORE: 11695 Bonus ------- Triggered Max Security 1000 High Alert Combat Kills 175 Aligned with FarCom 300 Met Data Miner 300 Cogmind --------- Core Integrity 0/1300 Matter 300/300 Energy 100/100 System Corruption 0% Temperature Cool (27) Movement Core (50) Location -3/Testing Parts ------- > --- POWER (2) -------- (None) > --- PROPULSION (5) --- (None) > --- UTILITY (10) ----- Improved Melee Analysis Suite Core Analyzer Hacking Suite Hacking Suite Hacking Suite > --- WEAPON (4) ------- (None) > --- INVENTORY (4) ---- Light Antimatter Reactor Antigrav Array Medium Storage Unit Peak State ------------ > --- POWER ------------ Micro Fission Core Light Particle Reactor > --- PROPULSION ------- Gravmag Array Gyrokinetic Inverter Linear Gravjet Improved Linear Gravjet > --- UTILITY ---------- Advanced Heat Sink Large Storage Unit Improved Melee Analysis Suite Core Analyzer Improved Maneuvering Thrusters Improved Medium Armor Plating Point Defense Array Hacking Suite Hacking Suite Hacking Suite > --- WEAPON ----------- Chainsword Spear Spear Spear > --- INVENTORY -------- Light Fission Core Micro Fission Core Light Antimatter Reactor Particle Reactor Antigrav Array Medium Storage Unit Rocket Launcher Improved Datajack Scythe [Rating: 103] Favorites ----------- Power Light Ion Engine Engine Light Ion Engine Power Core Micro Fission Core Reactor Light Particle Reactor Propulsion Flying Fortress v7 Wheel Wheel Hover Unit Linear Gravjet Flight Unit Flying Fortress v7 Utility Hacking Suite Device Improved Maneuvering Thrusters Storage Large Storage Unit Processor Core Analyzer Hackware Hacking Suite Protection Improved Medium Armor Plating Weapon Spear Ballistic Gun Assault Rifle Launcher Rocket Launcher Slashing Weapon Scythe Piercing Weapon Spear Build | -11 -10 -10 -10 -9 -8 -7 -7 -6 -6 -6 -6 -5 -5 -4 -3 -3 ------- Run | Scr Mat Min Exi Min Mat Fac Sto Fac Low Low Dat Pro Fac Fac Res Tes Slots Evolved 14 | . . . . . 4 2 . 2 . . . . 2 2 2 . Power 1 | . . . . . . . . . . . . . . 1 . . Propulsion 3 | . . . . . 2 . . . . . . . 1 . . . Utility 8 | . . . . . . 2 . 2 . . . . 1 1 2 . Weapon 2 | . . . . . 2 . . . . . . . . . . . Parts Attached 67 | 6 2 . 1 . 11 8 6 3 1 2 . 2 9 5 8 3 Power 11 | 1 . . . . . 1 2 . . . . . 2 2 3 . Engine 3 | 1 . . . . . 1 1 . . . . . . . . . Core 6 | . . . . . . . 1 . . . . . 2 2 1 . Reactor 2 | . . . . . . . . . . . . . . . 2 . Propulsion 11 | 2 . . . . 4 . . . . . . . 3 2 . . Treads . | . . . . . . . . . . . . . . . . . Leg . | . . . . . . . . . . . . . . . . . Wheel 4 | 2 . . . . 2 . . . . . . . . . . . Hover 4 | . . . . . . . . . . . . . 2 2 . . Flight 3 | . . . . . 2 . . . . . . . 1 . . . Utility 23 | 1 2 . 1 . 3 3 2 2 1 . . . 4 1 3 . Device 5 | . . . . . . . . 1 . . . . 1 1 2 . Storage 4 | 1 . . 1 . 1 1 . . . . . . . . . . Processor 2 | . . . . . . 1 . 1 . . . . . . . . Hackware 4 | . . . . . 2 . . . . . . . 2 . . . Protection 8 | . 2 . . . . 1 2 . 1 . . . 1 . 1 . Artifact . | . . . . . . . . . . . . . . . . . Weapon 22 | 2 . . . . 4 4 2 1 . 2 . 2 . . 2 3 Energy Gun . | . . . . . . . . . . . . . . . . . Energy Cannon . | . . . . . . . . . . . . . . . . . Ballistic Gun 2 | 2 . . . . . . . . . . . . . . . . Ballistic Cannon . | . . . . . . . . . . . . . . . . . Launcher 4 | . . . . . . . 1 . . 1 . 1 . . . 1 Special Weapon . | . . . . . . . . . . . . . . . . . Impact Weapon . | . . . . . . . . . . . . . . . . . Slashing Weapon 6 | . . . . . 4 . . . . . . . . . 1 1 Piercing Weapon 10 | . . . . . . 4 1 1 . 1 . 1 . . 1 1 Special Melee Weapon . | . . . . . . . . . . . . . . . . . Unidentified Prototypes . | . . . . . . . . . . . . . . . . . Parts Lost 25 | . . . . . . . 2 1 1 1 . . 4 . 3 13 Power 3 | . . . . . . . 1 . . . . . 1 . . 1 Propulsion 3 | . . . . . . . . . . . . . 1 . . 2 Utility 10 | . . . . . . . 1 . 1 1 . . 2 . 1 4 Weapon 9 | . . . . . . . . 1 . . . . . . 2 6 Highest Loss Streak 13 | . . . . . . . 2 1 1 1 . . 3 . 2 13 Average Slot Usage (%) 82 | . 98 100 86 85 65 73 75 79 80 80 73 73 75 89 94 87 Engine 6 | . 14 14 14 14 9 7 5 6 6 6 6 6 1 . . . Core 2 | . . . . . . . 1 . . . . . 3 9 8 3 Wheel 7 | . 28 28 28 28 3 . . . . . . . . . . . Hover 4 | . . . . . . . . . . . . . 4 17 19 16 Flight 3 | . . . . . 7 7 7 6 6 6 6 6 5 . . . Device 2 | . . . . . . . . 6 1 . . . 1 3 9 12 Storage 7 | . 14 14 14 14 4 7 7 6 6 6 6 6 5 5 4 4 Processor 7 | . . . . . . 7 7 13 13 13 13 13 11 10 9 9 Hackware 7 | . . . . . 8 7 7 6 6 6 6 6 12 15 14 14 Protection 5 | . 12 14 1 . . 4 6 6 10 13 6 6 2 5 7 3 Ballistic Gun 7 | . 28 28 28 28 2 . . . . . . . . . . . Slashing Weapon 2 | . . . . . 30 19 . . . . . . . . . 4 Piercing Weapon 15 | . . . . . . 10 30 25 26 25 26 25 23 21 17 12 Naked Turns . | . . . . . . . . . . . . . . . . . Heaviest Build 91 | 10 13 13 86 86 91 30 42 46 46 45 37 39 43 46 57 57 Greatest Support 79 | 26 26 26 26 26 72 72 72 72 72 72 72 72 79 69 69 69 Greatest Overweight (x) 5 | . . . 3 3 3 . . . . . . . 5 1 . . Average Overweight (x) . | . . . 2 3 . . . . . . . . . . . . Largest Inventory Capacity 24 | 6 6 6 24 24 24 10 10 10 10 10 10 10 10 10 10 10 Average Capacity 11 | 5 6 6 21 24 9 9 10 10 10 10 10 10 10 10 10 9 Most Carried 21 | 4 6 6 16 17 21 10 10 9 6 6 6 7 10 10 10 9 Average Carried 8 | 1 5 6 11 16 6 6 9 7 5 6 6 6 8 9 9 8 Final Capacity 24 | 6 6 6 24 24 8 10 10 10 10 10 10 10 10 10 10 4 Final Carried 17 | 4 6 6 16 17 4 10 10 6 6 6 6 7 9 10 9 4 Class Distribution -------------------- 49% | Mutant 36% | Hacker-Mutant 14% | Hauler-Mutant Dominant Class ---------------- Mutant | -10/Materials Mutant | -10/Mines Hauler-Mutant | -10/Exiles Hauler-Mutant | -9/Mines Mutant | -8/Materials Mutant | -7/Factory Mutant | -7/Storage Mutant | -6/Factory Mutant | -6/Lower Caves Mutant | -6/Lower Caves Mutant | -6/Data Miner Mutant | -5/Proximity Caves Hacker-Mutant | -5/Factory Hacker-Mutant | -4/Factory Hacker-Mutant | -3/Research Hacker-Mutant | -3/Testing Resources | -11 -10 -10 -10 -9 -8 -7 -7 -6 -6 -6 -6 -5 -5 -4 -3 -3 ----------- Run | Scr Mat Min Exi Min Mat Fac Sto Fac Low Low Dat Pro Fac Fac Res Tes Matter Collected 977 | 221 143 . . 10 110 70 40 50 15 . . 92 71 70 85 . Remotely . | . . . . . . . . . . . . . . . . . Salvage Created 2192 | . 174 . . . 53 130 743 146 68 54 . 87 116 147 291 183 Parts 139 | . 16 . . . 4 12 44 11 2 2 . . 10 7 24 7 Haulers Intercepted . | . . . . . . . . . . . . . . . . . Recyclers Shooed . | . . . . . . . . . . . . . . . . . Parts Field Recycled . | . . . . . . . . . . . . . . . . . Retrieved Matter . | . . . . . . . . . . . . . . . . . Parts Self-Destructed 2 | . . . . . . . . . 2 . . . . . . . Prevented . | . . . . . . . . . . . . . . . . . Kills | -11 -10 -10 -10 -9 -8 -7 -7 -6 -6 -6 -6 -5 -5 -4 -3 -3 ------- Run | Scr Mat Min Exi Min Mat Fac Sto Fac Low Low Dat Pro Fac Fac Res Tes Combat Hostiles Destroyed 42 | . 5 . . . 1 4 11 2 1 4 . 3 2 2 4 3 Melee 29 | . . . . . 1 4 11 2 1 . . . 2 2 4 2 Guns 5 | . 5 . . . . . . . . . . . . . . . AOE 8 | . . . . . . . . . . 4 . 3 . . . 1 Classes Destroyed 9 | . 4 . . . 1 . . 1 . . . . . . . 3 Operator 2 | . 1 . . . . . . . . . . . 1 . . . Watcher 5 | . 1 . . . . 1 2 1 . . . . . . . . Swarmer 11 | . 3 . . . . 4 . . . 4 . . . . . . Saboteur 1 | . . . . . . . . . . . . . . . . 1 Grunt 11 | . 2 . . . . . 4 . . . . 3 . . 1 1 Duelist 1 | . . . . . . . . . . . . . . . . 1 Researcher 1 | . . . . . . . . . . . . . . . . 1 Sentry 14 | . . . . . 1 . 7 1 1 . . . 1 2 1 . Programmer 4 | . . . . . . . . 1 . . . . 1 . 2 . Best Kill Streak 6 | . 6 . . . 1 4 4 1 1 4 . 3 1 2 2 3 Combat Bots Only 5 | . 5 . . . 1 4 4 1 1 4 . 3 1 2 2 3 Max Kills in Single Turn 3 | . 1 . . . 1 1 1 1 1 3 . 1 1 1 1 1 Gunslinging . | . . . . . . . . . . . . . . . . . Exploded 3 | . . . . . . . . . . 3 . 1 . . . 1 Melee 1 | . . . . . 1 1 1 1 1 . . . 1 1 1 1 Uniques/NPCs Destroyed . | . . . . . . . . . . . . . . . . . Combat | -11 -10 -10 -10 -9 -8 -7 -7 -6 -6 -6 -6 -5 -5 -4 -3 -3 -------- Run | Scr Mat Min Exi Min Mat Fac Sto Fac Low Low Dat Pro Fac Fac Res Tes Damage Taken 5520 | . 232 . . . 17 238 854 543 40 144 . 94 373 335 507 2143 Core 1935 | . 38 . . . . 121 219 51 13 . . 20 130 19 125 1199 Absorbed by Shields 172 | . . . . . . . . 166 6 . . . . . . . Core Remaining (%) 87 | 100 . . . 84 100 . 51 . . . . 90 87 98 . . Volleys Fired 32 | . 21 . . . . . . . . 3 . 5 . . . 3 Largest 2 | . 2 . . . . . . . . 1 . 1 . . . 1 Hottest 40 | . 40 . . . . . . . . 33 . 33 . . . 33 Shots Fired 53 | . 42 . . . . . . . . 3 . 5 . . . 3 Gun 42 | . 42 . . . . . . . . . . . . . . . Cannon . | . . . . . . . . . . . . . . . . . Launcher 11 | . . . . . . . . . . 3 . 5 . . . 3 Special . | . . . . . . . . . . . . . . . . . Kinetic 42 | . 42 . . . . . . . . . . . . . . . Thermal . | . . . . . . . . . . . . . . . . . Explosive 11 | . . . . . . . . . . 3 . 5 . . . 3 Electromagnetic . | . . . . . . . . . . . . . . . . . Robot Hit Streak 6 | . 6 . . . . . . . . 1 . 2 . . . 5 Robot Miss Streak 2 | . 2 . . . . . . . . 2 . 1 . . . . Penetration Max . | . . . . . . . . . . . . . . . . . Secondary Targets 1 | . 1 . . . . . . . . . . . . . . . Max Gunslinging Chain 1 | . 1 . . . . . . . . . . . . . . . Shots Hit Robots 123 | . 23 . . . 1 8 29 5 1 1 . 3 6 15 22 9 Core Hits 99 | . 13 . . . 1 6 21 5 1 5 . 11 5 5 10 16 Critical Hits 6 | . 1 . . . . 1 3 . . . . . . . 1 . Critical Kills 3 | . 1 . . . . . 2 . . . . . . . . . Critical Parts Destroyed 2 | . . . . . . 1 . . . . . . . . 1 . Melee Attacks 234 | . . . . . 1 19 42 29 2 . . . 54 25 45 17 Impact . | . . . . . . . . . . . . . . . . . Slashing 21 | . . . . . 1 7 . . . . . . . . 12 1 Piercing 213 | . . . . . . 12 42 29 2 . . . 54 25 33 16 Sneak Attacks 2 | . . . . . . . 1 . . . . . . . . 1 Combat Hostiles 1 | . . . . . . . 1 . . . . . . . . . Follow-up Attacks 30 | . . . . . . 5 5 2 . . . . 2 6 9 1 Damage Inflicted 4987 | . 241 . . . 30 236 976 143 41 321 . 662 192 483 804 858 Guns 241 | . 241 . . . . . . . . . . . . . . . Cannons . | . . . . . . . . . . . . . . . . . Explosions 1614 | . . . . . . . . . . 321 . 662 . . . 631 Melee 3129 | . . . . . 30 236 976 143 41 . . . 192 483 804 224 Ramming 3 | . . . . . . . . . . . . . . . . 3 Kinetic 241 | . 241 . . . . . . . . . . . . . . . Thermal . | . . . . . . . . . . . . . . . . . Explosive 1614 | . . . . . . . . . . 321 . 662 . . . 631 Electromagnetic . | . . . . . . . . . . . . . . . . . Impact . | . . . . . . . . . . . . . . . . . Slashing 493 | . . . . . 30 62 . . . . . . . . 377 24 Piercing 2636 | . . . . . . 174 976 143 41 . . . 192 483 427 200 Highest Corruption 1 | . . . . . . . . 1 1 1 1 1 1 . . . Average Corruption 1 | . . . . . . . . 1 1 1 1 1 1 . . . Corruption Purged . | . . . . . . . . . . . . . . . . . Effects 4 | . . . . . . . . . 2 . . . 2 . . . Message Errors 1 | . . . . . . . . . . . . . 1 . . . Energy Discharges 2 | . . . . . . . . . 1 . . . 1 . . . Data Loss (minor) 1 | . . . . . . . . . 1 . . . . . . . Overload Shots . | . . . . . . . . . . . . . . . . . Overflow Damage . | . . . . . . . . . . . . . . . . . Projectiles . | . . . . . . . . . . . . . . . . . Explosions . | . . . . . . . . . . . . . . . . . Melee . | . . . . . . . . . . . . . . . . . Knockbacks . | . . . . . . . . . . . . . . . . . Impact . | . . . . . . . . . . . . . . . . . Kinetic . | . . . . . . . . . . . . . . . . . Secondary . | . . . . . . . . . . . . . . . . . Self-Inflicted Damage 78 | . . . . . . . . . . . . . . . . 78 Shots 2 | . . . . . . . . . . . . . . . . 2 Rammed 1 | . . . . . . . . . . . . . . . . 1 Targets Rammed 1 | . . . . . . . . . . . . . . . . 1 Kicked . | . . . . . . . . . . . . . . . . . Crushed . | . . . . . . . . . . . . . . . . . Highest Temperature 98 | . 29 . . . . . 2 11 . . . 4 . 98 31 28 Average Temperature 19 | . 8 . . . . . 1 8 . . . 4 . 48 11 28 Received Heat Transfer 975 | . 60 . . . . . 312 67 14 . . 45 18 63 36 360 Siege Activations . | . . . . . . . . . . . . . . . . . Robots Corrupted . | . . . . . . . . . . . . . . . . . Combat Hostiles . | . . . . . . . . . . . . . . . . . Parts Fried . | . . . . . . . . . . . . . . . . . Impact Corruptions . | . . . . . . . . . . . . . . . . . Robots Melted . | . . . . . . . . . . . . . . . . . Combat Hostiles . | . . . . . . . . . . . . . . . . . Parts Melted . | . . . . . . . . . . . . . . . . . Heat Transferred . | . . . . . . . . . . . . . . . . . Parts Sabotaged 4 | . . . . . . . . . . . . . . . . 4 Parts Stolen . | . . . . . . . . . . . . . . . . . Parts Stripped . | . . . . . . . . . . . . . . . . . Power Chain Reactions . | . . . . . . . . . . . . . . . . . Missiles Intercepted . | . . . . . . . . . . . . . . . . . Alert | -11 -10 -10 -10 -9 -8 -7 -7 -6 -6 -6 -6 -5 -5 -4 -3 -3 ------- Run | Scr Mat Min Exi Min Mat Fac Sto Fac Low Low Dat Pro Fac Fac Res Tes Peak Influence 1697 | . 240 5 . . 45 135 562 453 . . . . 121 118 112 1697 Initial 173 | . . 5 . . . 20 61 173 . . . . 2 4 61 63 Average 147 | . 70 5 . . 25 45 313 258 . . . . 25 30 67 1639 Maximum Alert Level 5 | . 1 . . . . . 2 2 . . . . . . . 5 Low Security (%) 80 | 100 86 100 . 100 100 100 30 31 . . . . 100 100 100 . Level 1 11 | . 13 . . . . . 38 64 . . . . . . . . Level 2 3 | . . . . . . . 30 3 . . . . . . . . Level 3 . | . . . . . . . . . . . . . . . . . Level 4 . | . . . . . . . . . . . . . . . . . Level 5 . | . . . . . . . . . . . . . . . . . High Security . | . . . . . . . . . . . . . . . . . Max Security 3 | . . . . . . . . . . . . . . . . 99 Squads Dispatched 12 | . . . . . . . . 2 . . . 1 1 . 2 6 Investigation . | . . . . . . . . . . . . . . . . . Extermination 3 | . . . . . . . . 1 . . . . 1 . 1 . Reinforcement 2 | . . . . . . . . 1 . . . . . . 1 . Assault 7 | . . . . . . . . . . . . 1 . . . 6 Garrison . | . . . . . . . . . . . . . . . . . Intercept . | . . . . . . . . . . . . . . . . . Construction Impeded . | . . . . . . . . . . . . . . . . . Haulers Reinforced . | . . . . . . . . . . . . . . . . . Stealth | -11 -10 -10 -10 -9 -8 -7 -7 -6 -6 -6 -6 -5 -5 -4 -3 -3 --------- Run | Scr Mat Min Exi Min Mat Fac Sto Fac Low Low Dat Pro Fac Fac Res Tes Distress Signals 5 | . 3 . . . . . 1 . . . . . 1 . . . Communications Jammed . | . . . . . . . . . . . . . . . . . Distress Signals . | . . . . . . . . . . . . . . . . . Times Spotted 117 | . 14 . . . 2 6 18 13 1 10 . 14 8 2 6 23 Peak Tracking Total 20 | . 9 . . . 2 4 5 9 1 6 . 11 5 2 4 20 Tactical Retreats 13 | . 1 . . . . . 2 3 . . . 4 3 . . . Traps | -11 -10 -10 -10 -9 -8 -7 -7 -6 -6 -6 -6 -5 -5 -4 -3 -3 ------- Run | Scr Mat Min Exi Min Mat Fac Sto Fac Low Low Dat Pro Fac Fac Res Tes Traps Triggered 2 | . . . . . . . 1 . . . . . 1 . . . Indirectly . | . . . . . . . . . . . . . . . . . Trap Hack Attempts . | . . . . . . . . . . . . . . . . . Triggered . | . . . . . . . . . . . . . . . . . Disarmed . | . . . . . . . . . . . . . . . . . Reprogrammed . | . . . . . . . . . . . . . . . . . Reused . | . . . . . . . . . . . . . . . . . Traps Extracted . | . . . . . . . . . . . . . . . . . Installed . | . . . . . . . . . . . . . . . . . Triggered 1 | . . . . . . . . . . 1 . . . . . . Exploded 3 | . . . . . . . 1 2 . . . . . . . . Machines | -11 -10 -10 -10 -9 -8 -7 -7 -6 -6 -6 -6 -5 -5 -4 -3 -3 ---------- Run | Scr Mat Min Exi Min Mat Fac Sto Fac Low Low Dat Pro Fac Fac Res Tes Machines Disabled 5 | . . . . . . . 2 . . . . . . . . 3 Max in Single Turn 1 | . . . . . . . 1 . . . . . . . . 1 Machines Sabotaged . | . . . . . . . . . . . . . . . . . Garrisons Compromised . | . . . . . . . . . . . . . . . . . Overloaded Fab Kills . | . . . . . . . . . . . . . . . . . Fab Network Shutdowns . | . . . . . . . . . . . . . . . . . Hacking | -11 -10 -10 -10 -9 -8 -7 -7 -6 -6 -6 -6 -5 -5 -4 -3 -3 --------- Run | Scr Mat Min Exi Min Mat Fac Sto Fac Low Low Dat Pro Fac Fac Res Tes Machines Accessed 21 | . 3 . 4 . 1 . 5 2 . . 4 . 1 1 . . Terminals 13 | . 3 . . . 1 . 5 2 . . . . 1 1 . . Fabricators . | . . . . . . . . . . . . . . . . . Repair Stations . | . . . . . . . . . . . . . . . . . Recycling Units . | . . . . . . . . . . . . . . . . . Scanalyzers . | . . . . . . . . . . . . . . . . . Garrison Access . | . . . . . . . . . . . . . . . . . Total Hacks 85 | . 8 . 27 . 2 . 11 6 . . 24 . 4 3 . . Successful 72 | . 6 . 27 . 2 . 6 2 . . 24 . 3 2 . . Failed 13 | . 2 . . . . . 5 4 . . . . 1 1 . . Catastrophic . | . . . . . . . . . . . . . . . . . Database Lockouts . | . . . . . . . . . . . . . . . . . Manual 18 | . 3 . 1 . . . 6 4 . . . . 2 2 . . Terminals 34 | . 8 . . . 2 . 11 6 . . . . 4 3 . . Fabricators . | . . . . . . . . . . . . . . . . . Repair Stations . | . . . . . . . . . . . . . . . . . Recycling Units . | . . . . . . . . . . . . . . . . . Scanalyzers . | . . . . . . . . . . . . . . . . . Garrison Access . | . . . . . . . . . . . . . . . . . Terminal Hacks 66 | . 4 . 27 . 2 . 5 1 . . 24 . 2 1 . . Record 41 | . . . 26 . . . 2 1 . . 11 . 1 . . . Part Schematic 7 | . . . . . . . . . . . 7 . . . . . Robot Schematic 3 | . . . . . . . . . . . 3 . . . . . Prototype ID Bank 5 | . 1 . . . 1 . . . . . 3 . . . . . Open Door 3 | . . . . . . . 3 . . . . . . . . . Branch Access Points 1 | . . . . . . . . . . . . . 1 . . . Alert Level 2 | . 1 . . . 1 . . . . . . . . . . . Unreport Threat 1 | . 1 . . . . . . . . . . . . . . . Hauler Manifests 1 | . 1 . . . . . . . . . . . . . . . Zone Layout 1 | . . . . . . . . . . . . . . 1 . . EX-Prototype ID Bank 1 | . . . 1 . . . . . . . . . . . . . Fabricator Hacks . | . . . . . . . . . . . . . . . . . Repair Station Hacks . | . . . . . . . . . . . . . . . . . Recycling Unit Hacks . | . . . . . . . . . . . . . . . . . Scanalyzer . | . . . . . . . . . . . . . . . . . Garrison Access Hacks . | . . . . . . . . . . . . . . . . . Unauthorized Hacks 6 | . 2 . . . . . 1 1 . . . . 1 1 . . Terminals 6 | . 2 . . . . . 1 1 . . . . 1 1 . . Assimilate 1 | . . . . . . . . . . . . . 1 . . . Botnet 5 | . 2 . . . . . 1 1 . . . . . 1 . . Fabricators . | . . . . . . . . . . . . . . . . . Repair Stations . | . . . . . . . . . . . . . . . . . Recycling Units . | . . . . . . . . . . . . . . . . . Scanalyzers . | . . . . . . . . . . . . . . . . . Garrison Access . | . . . . . . . . . . . . . . . . . Data Cores Recovered 1 | . . . . . . . . . . . . . 1 . . . Used . | . . . . . . . . . . . . . . . . . Hacking Detections 9 | . 3 . . . . . 2 2 . . . . 1 1 . . Full Trace Events . | . . . . . . . . . . . . . . . . . Feedback Events . | . . . . . . . . . . . . . . . . . Feedback Blocked . | . . . . . . . . . . . . . . . . . Robot Schematics Acquired 3 | . . . . . . . . . . . 3 . . . . . Robots Built . | . . . . . . . . . . . . . . . . . Matter . | . . . . . . . . . . . . . . . . . Time . | . . . . . . . . . . . . . . . . . Total Robot Build Rating . | . . . . . . . . . . . . . . . . . Part Schematics Acquired 7 | . . . . . . . . . . . 7 . . . . . Parts Built . | . . . . . . . . . . . . . . . . . Matter . | . . . . . . . . . . . . . . . . . Time . | . . . . . . . . . . . . . . . . . Total Part Build Rating . | . . . . . . . . . . . . . . . . . Parts Repaired . | . . . . . . . . . . . . . . . . . Time . | . . . . . . . . . . . . . . . . . Parts Recycled . | . . . . . . . . . . . . . . . . . Recycled Matter . | . . . . . . . . . . . . . . . . . Retrieved Matter . | . . . . . . . . . . . . . . . . . Retrieved Components . | . . . . . . . . . . . . . . . . . Parts Scanalyzed . | . . . . . . . . . . . . . . . . . Part Schematics Acquired . | . . . . . . . . . . . . . . . . . Parts Damaged . | . . . . . . . . . . . . . . . . . Bothacking | -11 -10 -10 -10 -9 -8 -7 -7 -6 -6 -6 -6 -5 -5 -4 -3 -3 ------------ Run | Scr Mat Min Exi Min Mat Fac Sto Fac Low Low Dat Pro Fac Fac Res Tes Used RIF Installer . | . . . . . . . . . . . . . . . . . Robots Hacked . | . . . . . . . . . . . . . . . . . Non-combat . | . . . . . . . . . . . . . . . . . Combat . | . . . . . . . . . . . . . . . . . Robot Hacks Applied . | . . . . . . . . . . . . . . . . . Relay Couplers Released . | . . . . . . . . . . . . . . . . . Robots Rewired . | . . . . . . . . . . . . . . . . . Allies Hacked . | . . . . . . . . . . . . . . . . . Hacks Repelled . | . . . . . . . . . . . . . . . . . Allies | -11 -10 -10 -10 -9 -8 -7 -7 -6 -6 -6 -6 -5 -5 -4 -3 -3 -------- Run | Scr Mat Min Exi Min Mat Fac Sto Fac Low Low Dat Pro Fac Fac Res Tes Total Allies 2 | . . . . . . . . . . . . 1 1 . . . Largest Group 1 | . . . . . . . . . . . . 1 1 . . . Highest-Rated Group 94 | . . . . . . . . . . . . 94 10 . . . Highest-Rated Ally 94 | . . . . . . . . . . . . 94 10 . . . Total Orders . | . . . . . . . . . . . . . . . . . Ally Attacks 5 | . . . . . . . . . . . . 5 . . . . Total Damage 183 | . . . . . . . . . . . . 183 . . . . Kills . | . . . . . . . . . . . . . . . . . Allies Corrupted . | . . . . . . . . . . . . . . . . . Allies Melted . | . . . . . . . . . . . . . . . . . Intel | -11 -10 -10 -10 -9 -8 -7 -7 -6 -6 -6 -6 -5 -5 -4 -3 -3 ------- Run | Scr Mat Min Exi Min Mat Fac Sto Fac Low Low Dat Pro Fac Fac Res Tes Robot Analysis Total . | . . . . . . . . . . . . . . . . . Derelict Logs Recovered 3 | . . . . . . . . . 2 . . 1 . . . . Drone Launches . | . . . . . . . . . . . . . . . . . Drone Recoveries . | . . . . . . . . . . . . . . . . . Exploration | -11 -10 -10 -10 -9 -8 -7 -7 -6 -6 -6 -6 -5 -5 -4 -3 -3 ------------- Run | Scr Mat Min Exi Min Mat Fac Sto Fac Low Low Dat Pro Fac Fac Res Tes Turns Passed 5594 | 56 510 68 701 146 228 289 478 371 126 161 39 433 995 186 665 142 Spaces Moved 6058 | 50 418 76 594 81 326 464 529 579 242 303 79 476 987 256 424 174 Core 3 | 3 . . . . . . . . . . . . . . . . Treads . | . . . . . . . . . . . . . . . . . Legs . | . . . . . . . . . . . . . . . . . Wheels 1235 | 47 418 76 594 81 19 . . . . . . . . . . . Hover 1169 | . . . . . . . . . . . . . 315 256 424 174 Flight 3651 | . . . . . 307 464 529 579 242 303 79 476 672 . . . Fastest Speed 40 | 50 90 90 90 120 50 50 50 50 50 50 50 50 42 40 40 40 Average Speed 66 | 87 90 90 115 120 55 50 50 50 50 50 50 50 87 46 40 40 Slowest Speed 440 | 90 90 90 120 120 150 50 50 50 50 50 50 50 440 111 40 40 Overloaded Moves . | . . . . . . . . . . . . . . . . . Propulsion Burnouts . | . . . . . . . . . . . . . . . . . Robots Hopped 13 | . . . . . 1 2 6 4 . . . . . . . . Cave-ins Triggered 1 | . . . . . . . . 1 . . . . . . . . Exploration Rate (%) 36 | 3 55 27 92 19 38 12 73 17 47 51 69 51 23 7 10 21 Regions Visited 16 Branch Regions 9 Pre-discovered Areas 3 | . . . 1 . . . . . 1 . 1 . . . . . Known Exits Taken . | . . . . . . . . . . . . . . . . . Unknown Exits Taken 16 | 1 1 1 1 1 1 1 1 1 1 1 1 1 1 1 1 . Scrap Searched 8 | . . . . 1 . . . . 4 1 . 2 . . . . Spaces Dug 64 | . . . . . . 3 1 13 . . . . 27 4 11 5 Terrain Destroyed 131 | . . . . . . 3 1 13 . 17 . 34 27 4 11 21 Melee 64 | . . . . . . 3 1 13 . . . . 27 4 11 5 Projectile . | . . . . . . . . . . . . . . . . . AOE 67 | . . . . . . . . . . 17 . 34 . . . 16 Terrain Rammed . | . . . . . . . . . . . . . . . . . Walls Destroyed . | . . . . . . . . . . . . . . . . . Machines Disabled . | . . . . . . . . . . . . . . . . . Actions | -11 -10 -10 -10 -9 -8 -7 -7 -6 -6 -6 -6 -5 -5 -4 -3 -3 --------- Run | Scr Mat Min Exi Min Mat Fac Sto Fac Low Low Dat Pro Fac Fac Res Tes Total 7310 | 59 514 75 610 130 377 497 684 625 244 307 78 664 1060 295 869 222 Wait 930 | . 69 . . 49 16 3 112 26 . . . 181 23 18 405 28 Move 6016 | 49 417 75 593 80 323 459 516 570 241 302 78 475 986 255 423 174 Hop 13 | . . . . . 1 2 6 4 . . . . . . . . Pick Up 51 | 4 3 . 11 1 7 9 4 1 1 . . 1 5 1 3 . Fast Attach 25 | 6 1 . 1 . 3 1 3 . . . . . 5 4 1 . Attach 20 | . . . . . 6 1 . 3 1 . . . 3 . 4 2 Detach 2 | . . . . . 1 . . . . . . . 1 . . . Swap 22 | . 1 . . . 2 6 3 . . 2 . 2 1 1 3 1 Drop 40 | . 2 . 5 . 17 4 6 2 . . . . 2 1 1 . Fire 32 | . 21 . . . . . . . . 3 . 5 . . . 3 Melee 157 | . . . . . 1 12 33 19 1 . . . 34 15 29 13 Ram 1 | . . . . . . . . . . . . . . . . 1 Kick . | . . . . . . . . . . . . . . . . . Crush . | . . . . . . . . . . . . . . . . . Escape Stasis 1 | . . . . . . . 1 . . . . . . . . . Rewire . | . . . . . . . . . . . . . . . . . Trap . | . . . . . . . . . . . . . . . . . Miscellaneous . | . . . . . . . . . . . . . . . . . Route ------- -11/Scrapyard -10/Materials (discovered 3 exits: [*Mat x2] / [*Min]) -10/Mines -10/Exiles -9/Mines -8/Materials -7/Factory -7/Storage -6/Factory -6/Lower Caves -6/Lower Caves -6/Data Miner -5/Proximity Caves -5/Factory (discovered 3 exits: *Fac / Upp x2) -4/Factory -3/Research -3/Testing History --------- Turn | Location | Event 5 | -11/Scrapyard | Discovered new exit (range 16) 57 | -11/Scrapyard | Entered Materials 271 | -10/Materials | Discovered new exit (range 5) 304 | -10/Materials | Build established: Mutant 384 | -10/Materials | Discovered new exit (range 6) 515 | -10/Materials | Discovered new exit (range 10) 567 | -10/Materials | Entered Mines 631 | -10/Mines | Deemed a non-threat by the Exiles lab entrance 631 | -10/Mines | Discovered new exit (range 5) 635 | -10/Mines | Entered Exiles 661 | -10/Exiles | Met 8R-AWN 675 | -10/Exiles | Met EX-HEX 886 | -10/Exiles | Met EX-DEC 913 | -10/Exiles | Visited The Gauntlet 1017 | -10/Exiles | Build established: Hauler-Mutant 1081 | -10/Exiles | Met EX-BIN 1097 | -10/Exiles | Aligned with FarCom system 1098 | -10/Exiles | Given EX-Vault access code 1162 | -10/Exiles | Opened EX-Vault 1170 | -10/Exiles | Found Flying Fortress v7 1198 | -10/Exiles | Warned to stay clear of 0b10 Research branches 1266 | -10/Exiles | Learned location of Zion (-7) 1321 | -10/Exiles | Discovered new exit (range 12) 1336 | -10/Exiles | Left Exiles lab with Flying Fortress v7 1336 | -10/Exiles | Entered Mines 1359 | -9/Mines | Met a Derelict bent on vengeance 1431 | -9/Mines | Discovered new exit (range 11) 1482 | -9/Mines | Entered Materials 1482 | -8/Materials | Evolved 4 slots: Propulsion x2, Weapon x2 1694 | -8/Materials | Discovered new exit (range 16) 1710 | -8/Materials | Entered Factory 1710 | -7/Factory | Evolved 2 slots: Utility x2 1801 | -7/Factory | Discovered new exit (range 10) 1931 | -7/Factory | Build established: Mutant 1999 | -7/Factory | Entered Storage 2418 | -7/Storage | Discovered new exit (range 16) 2477 | -7/Storage | Entered Factory 2477 | -6/Factory | Evolved 2 slots: Utility x2 2808 | -6/Factory | Crushed by falling debris 2845 | -6/Factory | Discovered new exit (range 7) 2848 | -6/Factory | Entered Lower Caves 2884 | -6/Lower Caves | Attracted the attention of an 0b10 checkpoint 2965 | -6/Lower Caves | Encountered a Warlord checkpoint 2966 | -6/Lower Caves | Discovered new exit (range 15) 2967 | -6/Lower Caves | Learned location of 1 exit from Factory 2974 | -6/Lower Caves | Entered another Lower Caves area 3128 | -6/Lower Caves | Discovered new exit (range 14) 3135 | -6/Lower Caves | Entered Data Miner 3135 | -6/Data Miner | Discovered new exit (range 6) 3145 | -6/Data Miner | Met Data Miner 3154 | -6/Data Miner | Learned location of Section 7 (-2) 3154 | -6/Data Miner | Acquired the access code to Warlord's prototype stash 3163 | -6/Data Miner | Received God Mode back door access code from Data Miner 3174 | -6/Data Miner | Entered Proximity Caves 3251 | -5/Proximity Caves | Escorted by Enhanced Grunt 3255 | -5/Proximity Caves | Attracted the attention of an 0b10 outpost 3308 | -5/Proximity Caves | Learned Factory stockpile data 3492 | -5/Proximity Caves | Received a Behemoth hack from an annoying Tinkerer 3606 | -5/Proximity Caves | Discovered new exit (range 3) 3607 | -5/Proximity Caves | Entered Factory 3607 | -5/Factory | Evolved 2 slots: Propulsion x1, Utility x1 3608 | -5/Factory | Identified exit to Upper Caves 3914 | -5/Factory | Build established: Hacker-Mutant 4008 | -5/Factory | Lost 3 parts (1n2u) 4558 | -5/Factory | Discovered new exit (range 13) 4602 | -5/Factory | Entered another Factory area 4602 | -4/Factory | Evolved 2 slots: Power x1, Utility x1 4744 | -4/Factory | Discovered new exit (range 6) 4788 | -4/Factory | Entered Research 4788 | -3/Research | Evolved 2 slots: Utility x2 5434 | -3/Research | Discovered new exit (range 7) 5453 | -3/Research | Entered Testing 5454 | -3/Testing | Maximum security lockdown engaged 5588 | -3/Testing | Core integrity fell below 50% 5594 | -3/Testing | Core integrity fell below 20% 5595 | -3/Testing | Destroyed by L-61 Swordsman with Power Sword Last Messages --------------- 05578_ B-74 Champion unfolds itself. 05578_ E-15 Imp unfolds itself. 05578_ Imp. Medium Armor Plating blown off. 05578_ Gyrokinetic Inverter blown off. 05578_ Lgt. Particle Reactor blown off. 05578_ Imp. Linear Gravjet blown off. 05578_ E-15 Imp destroyed. 05579_ Spear destroyed. 05580_ Chainsword destroyed. 05581_ Scythe follow-up attack on L-61 Swordsman. 05582_ Mic. Fission Core destroyed. 05584_ Point Defense Array destroyed. 05584_ Spear destroyed. 05584_ G-67 Veteran destroyed. 05585_ Adv. Heat Sink destroyed. 05588_ Scythe destroyed. 05589_ L-61 Swordsman destroyed. 05590_ Spear destroyed. 05590_ Lrg. Storage Unit destroyed. 05591_ Slammed into L-61 Swordsman. Map ----- +----------------------------------------------------+ | ??????????????????????# #??????????# | | ?????????#+###????????# #??????????# | | ?????????# ? #???# #??????????# | | ?????????# """ #???# #??????????# | | ?????????# """ #???# #??????????# | | ?????????# R" #???# #??????????# | | ?????????# = """ #???# #??????????# | | ?????????# #???# +??????????# | | ?????????# #???# #??????????# | | ?????????? #???# #??????????# | | ???????????? ????## ##?????????# | | ????????????##+####### ########### | | ?????######## | | ?????# """" # | | ?????# ""F" # ####### ########### | | ?????# "" + #?????#"####?????????# | | ?????# # #?????###????????????# | | ?????# % # #????????????????????# | | ?????# # #?#####??????????????# | | ?????### # # ???????????????# | | ??????" " # """???????????????# | | ?????##" mb! """ ??????????????# | | ?????# gg% """ #?????????????# | | ?????#!" "%g%% #?????????????# | | ?????##" "glbgg !#?????????????# | | ???????#"""g@l*#????????????????????? | | ???????###/=#/g g i #?????????????? | | ?????????#### %# """" #?????????????? | | ????????????# #??""" ??????????????? | | ????????????# +????"???????????????? | | ????????????# #????????????????????? | | ????????????# #????????????????????? | | ????????????# #????????????????????? | | ????????????# w#????????????????????? | | ????????????? #?????l??????????????? | | ????????????? ?????????????????????? | | ????????????? ?????????????????????? | | ????????????? ?????????????????????? | | ????????????????????????????????????? | | ????????????????????????????????????? | | ????????????????????????????????????? | | ????????????????????????????????????? | | ????????????K??K????????????????????? | | ????????????????????????????????????? | | ????????????????????????????????????? | | ????????????????????????????????????? | | ????????????????????????????????????? | | ????????????????????????????????????? | | ????????????????????????????????????? | | ????????????????????????????????????? | +----------------------------------------------------+ Best States ------------- Heat Dissipation 65 Energy Generation 36 Energy Capacity 315 Matter Stores 300 Matter Capacity 300 Sight Range 16 Terrain Scan Density 10 Armor Coverage 450 Propulsion Shielding 33 Point Defense Rating 160 Evasion (%) 71 Melee Accuracy 6 Core Analysis 6 Offensive Hacking 30 Item Schematics ----------------- Combat Drone Bay | -6/Data Miner | Free Lgt. Regenerative Plating | -6/Data Miner | Free Cmb. Gravmag System | -6/Data Miner | Free Exp. Cesium-ion Thruster | -6/Data Miner | Free Exp. Transmission Jammer | -6/Data Miner | Free Triangulator | -6/Data Miner | Free Cloaking Device | -6/Data Miner | Free Robot Schematics ------------------ S-27 Virus | -6/Data Miner | Free G-50 Soldier | -6/Data Miner | Free I-36 Angel | -6/Data Miner | Free Fabricated ------------ Nothing Alien Tech Used ----------------- None Achievements -------------- None Challenges ------------ None Game ------ Seed NeutronEnhancedBoregun Manual? 0 Play Time 01:27:31 Cumulative 101.2 hours Start 2021.04.11 @ 00:26:02 End 2021.04.14 @ 00:14:39 Sessions 5 Manual Loads 0 Difficulty Rogue Special Mode None Game No. 171 Rogue 171 Adventurer 0 Explorer 0 Win Type - Total 0 Types 0/0/0/0/0/0/0/0/0 Lore% 29 Gallery% 48 Achievement% 39 Wizard Run 0 Options --------- ASCII 0 Keyboard 0 Movement Mouse Keybinds 0 Fullscreen 1 Font 18/SmallcapsGlow Map View 76x50 Tactical HUD 1 Map Filters NONE Filters NONE Steam 1 RUN: 6911c681-8e49-421e-aa38-f9808fa084bc